 Dungeon Crawl Stone Soup version 0.21.1-1-g345015f (webtiles) character file.

68 inc the Chiller (level 4, 19/19 HPs)
             Began as a Felid Ice Elementalist on Feb 22, 2018.
             Quit the game on level 4 of the Dungeon.
             The game lasted 00:04:08 (2060 turns).

inc the Chiller (Felid Ice Elementalist)            Turns: 2060, Time: 00:04:09

Health: 19/19      AC:  1    Str:  4    XL:     4   Next: 1%
Magic:  8/8        EV: 19    Int: 18    God:
Gold:   51         SH:  0    Dex: 16    Spells: 3/7 levels left
                                        Lives:  0   Deaths: 1

rFire    . . .     SeeInvis +   (weapon unavailable)
rCold    . . .     Gourm    .   (shield unavailable)
rNeg     . . .     Faith    .   (armour unavailable)
rPois    .         Spirit   .   (helmet unavailable)
rElec    .         Reflect  .   (cloak unavailable)
rCorr    .         Harm     .   (gloves unavailable)
MR       .....                  (boots unavailable)
Stlth    +++.......             (no amulet)
HPRegen  0.06/turn              (no ring)
MPRegen  0.11/turn              (no ring)

@: quick
A: very small, no armour, no weapons or thrown items, stealth, claws 1, fangs 3,
see invisible, carnivore, speed 1, shaggy fur 1, slow metabolism 1, sharp paws
a: no special abilities


You were on level 4 of the Dungeon.
You were not hungry.

You visited 1 branch of the dungeon, and saw 4 of its levels.

You collected 51 gold pieces.

Inventory:

Scrolls
 e - a scroll of remove curse {unknown}
 h - 2 scrolls of identify {unknown}
 i - 2 scrolls of teleportation {unknown}
Potions
 c - a potion of lignification {unknown}
 d - a potion of haste {unknown}
 f - a potion of resistance {unknown}
 g - 3 potions of magic {unknown}
Books
 a - a book of Frost

   Spells                             Type                      Level
   a - Freeze                         Ice                          1
   b - Throw Frost                    Conjuration/Ice              2
   c - Ozocubu's Armour               Charms/Ice                   3
   d - Throw Icicle                   Conjuration/Ice              4
   e - Summon Ice Beast               Ice/Summoning                4
Comestibles
 b - 5 rations


   Skills:
 - Level 2.1 Fighting
 + Level 3.9 Dodging
 - Level 2.6 Stealth
 - Level 2.0 Spellcasting
   Level 0.8 Conjurations
 + Level 0.4 Charms
 - Level 4.2 Ice Magic


You had 3 spell levels left.
You knew the following spells:

 Your Spells              Type           Power        Failure   Level  Hunger
a - Freeze                Ice            ###.         3%          1    #......
b - Ozocubu's Armour      Chrm/Ice       ##......     22%         3    ###....


Dungeon Overview and Level Annotations

Branches:
Dungeon (4/15)
 Temple: D:4-7

Altars:


Innate Abilities, Weirdness & Mutations

You cannot wear armour.
You are incapable of wielding weapons or throwing items.
Your paws allow you to move quietly. (Stealth)
You have sharp claws.
You have razor-sharp teeth.
You have supernaturally acute eyesight. (SInv)
You are carnivorous and can eat meat at any time.
You cover ground quickly.
You are covered in fur. (AC +1)
You have a slow metabolism.
Your sharp claws are effective at attacking unaware monsters.


Message History

The iguana hisses angrily.
The iguana is heavily wounded.
The iguana bites you!
Casting: Freeze
Confirm with . or Enter, or press ? or * to list all spells.
Aiming: Freeze
Press: ? - help, Shift-Dir - straight line, f/p - iguana
Aim: an iguana (moderately wounded)
You freeze the iguana.
The iguana seems to slow down.
The iguana is almost dead.
The iguana bites you!
Ouch! That really hurt!
You die...
The jackal barks!
You hear a bark!
You are now level 4!
You rejoin the land of the living...
Found a stone staircase leading down and a stone staircase leading up.
Unknown command.
Unknown command.
Are you sure you want to abandon this character and quit the game? (Confirm with "yes".)

...$.....#
.........#
.........#
.........#
#########
#.....<.#
#.......#
#######.......#
.......@...>..#
..............#
..............#
..............#
.....##########
..... ####


There were no monsters in sight!

Vanquished Creatures
  An iguana (D:4)
  A worker ant (D:3)
  A gnoll (D:1)
  2 adders
  2 oozes
  A worm (D:3)
  A dart slug (D:1)
  2 leopard geckos (D:1)
  4 orcs
  2 ball pythons
  7 goblins
  2 hobgoblins (D:1)
  2 jackals (D:1)
  6 kobolds
  2 quokkas
  5 bats
  A frilled lizard (D:1)
  2 rats (D:1)
44 creatures vanquished.

Notes
Turn   | Place    | Note
-------+----------+-------------------------------------------
     0 | D:1      | inc the Felid Ice Elementalist began the quest for the Orb.
     0 | D:1      | Reached XP level 1. HP: 7/7 MP: 4/4
    73 | D:1      | Reached skill level 3 in Ice Magic
   216 | D:1      | Reached XP level 2. HP: 11/11 MP: 0/6
   556 | D:1      | Reached XP level 3. HP: 14/14 MP: 0/7
   662 | D:1      | Reached skill level 4 in Ice Magic
  1184 | D:2      | Learned a level 3 spell: Ozocubu's Armour
  1348 | D:2      | Reached skill level 1 in Fighting
  1482 | D:3      | Reached XP level 4. HP: 5/19 MP: 2/8
  2013 | D:4      | Reached XP level 5. HP: 18/22 MP: 2/9
  2059 | D:4      | Slain by an iguana
  2060 | D:4      | Reached XP level 4. HP: 0/19 MP: 5/8
  2060 | D:4      | Quit the game

Skill      XL: |  1  2  3  4 |
---------------+-------------+-----
Ice Magic      | 3 4 |  4.2
Fighting       | 1 2 |  2.1
Dodging        | 3 |  3.9
Stealth        | |  2.6
Spellcasting   | |  2.0
Conjurations   | |  0.8
Charms         | |  0.4

Action                   |  1- 3 |  4- 6 || total
-------------------------+-------+-------++-------
Melee: Unarmed           |    17 |     4 ||    21
       Bite              |     2 |       ||     2
 Cast: Freeze            |    51 |    25 ||    76
       Ozocubu's Armour  |       |     2 ||     2
 Stab: Sleeping          |     6 |     1 ||     7
  Eat: Chunk             |     1 |     2 ||     3
Armor: Skin              |     5 |     2 ||     7
Dodge: Dodged            |    50 |    18 ||    68
